 Dungeon Crawl Stone Soup version 0.30-a0-743-gbfdf073431 (webtiles) character file.

Game seed: 306898302690777318

1406 karrick the Chopper (level 8, -16/52 HPs)
             Began as a Gargoyle Fighter on Feb 8, 2023.
             Demolished by an ogre
             ... wielding a +0 giant club
              (26 damage)
             ... on level 5 of the Dungeon.
             The game lasted 00:13:33 (4161 turns).

karrick the Chopper (Gargoyle Fighter)              Turns: 4161, Time: 00:13:33

Health: -16/52     AC: 13    Str: 20    XL:     8   Next: 70%
Magic:  8/8        EV:  9    Int:  9    God:
Gold:   204        SH:  5    Dex: 11    Spells: 7/7 levels left

rFire   . . .      SeeInvis .    a - +0 war axe
rCold   . . .      Faith    .    c - +0 buckler
rNeg    + . .      Spirit   .    b - +0 scale mail
rPois   ∞          Reflect  .    (no helmet)
rElec   +          Harm     .    (no cloak)
rCorr   .          Rampage  .    (no gloves)
Will    .....                    (no boots) Stlth
                                 (no amulet)
HPRegen 0.28/turn                (no ring)
MPRegen 0.11/turn                (no ring)

@: no status effects
A: sickness immunity, AC +5, negative energy resistance 1, electricity
resistance, torment resistance 1, petrification resistance
a: no special abilities


You were on level 5 of the Dungeon.
You visited 1 branch of the dungeon, and saw 6 of its levels.

You collected 204 gold pieces.

Inventory:

Hand Weapons
 a - a +0 war axe (weapon)
 d - a +3 mace of protection
 q - a +2 whip of electrocution
 v - a +0 hand axe of flaming
Missiles
 r - 5 boomerangs (quivered)
Armour
 b - a +0 scale mail (worn)
 c - a +0 buckler (worn)
 s - an orb of light
Wands
 f - a wand of polymorph (8)
 t - a wand of charming (7)
Scrolls
 e - a scroll of teleportation
 h - a scroll of blinking {unknown}
 l - a scroll of butterflies {unknown}
 m - a scroll of immolation {unknown}
 n - a scroll of fear {unknown}
 o - 3 scrolls of identify
 p - 2 scrolls of vulnerability
 u - a scroll of amnesia {unknown}
 w - a scroll of enchant weapon {unknown}
Potions
 g - a potion of brilliance {unknown}
 j - a potion of curing
 k - a potion of attraction
 x - a potion of haste {unknown}


   Skills:
 + Level 6.3 Fighting
 + Level 7.0 Axes
 + Level 5.6 Armour
 + Level 0.6 Stealth
 + Level 4.8 Shields


You had 7 spell levels left.
You didn't know any spells.
Your spell library was empty.

Dungeon Overview and Level Annotations

Branches:
Dungeon (6/15)             Temple (0/1) D:4

Altars:
Fedhas
Trog
The Shining One

Shops:
D:1 [**   D:2 ??

Annotations:
D:4 Grinder, Sigmund


Innate Abilities, Weirdness & Mutations

You are immune to sickness and miasma.
Your stone body is resilient. (AC +5)
You are immune to poison.
You resist negative energy. (rN+)
You are resistant to electric shocks. (rElec)
You are resistant to unholy torment.
You are immune to petrification.


Message History

The troll attacks as you move away! The troll barely misses you.
The troll claws you! The troll claws you.
Your surroundings suddenly seem different.
There is a stone staircase leading up here.
You see here the human skeleton of Prince Ribbit.
You start resting.
HP restored.
There is a stone staircase leading up here.
You climb upwards.
The phantom hits you.
There is a stone staircase leading down here.
You slash the phantom!
The phantom is moderately damaged.
The phantom hits you but does no damage. x2
You slash the phantom!
The phantom is severely damaged.
The phantom hits you but does no damage.
You hit the phantom.
The phantom is almost destroyed.
The phantom hits you but does no damage.
You hit the phantom.
You destroy the phantom!
Your Axes skill increases to level 7!
You hit the ogre but do no damage. The ogre hits you with a +0 giant club!
You slash the ogre!
The ogre is severely wounded.
The ogre hits you with a +0 giant club!
You barely miss the ogre.
The ogre is severely wounded.
The ogre hits you with a +0 giant club!!
* * * LOW HITPOINT WARNING * * *
You are too injured to fight recklessly!
It was a potion of curing.
You feel better.
You barely miss the ogre.
The ogre is severely wounded.
You block the ogre's attack.
You hit the ogre.
The ogre is severely wounded.
The ogre hits you with a +0 giant club!!
Ouch! That really hurt!
You die...

##
.#################
.................#
#####......#####.#
#.####.# #.# #.#
#.# #@# #.# #.#
#O## #####.# #.#
#..## ......# #.#
##.#.## #####.#
#.# #.###.# #.#
#.# ##.#.##
#.####.# ##.##
#......# #.#
###.###### #.#


You could see an ogre.

Vanquished Creatures
  Prince Ribbit (D:6)
  A water moccasin (D:4)
  2 black bears (D:4)
  A phantom (D:5)
  A necrophage (D:5)
  3 scorpions
  2 howler monkeys (D:6)
  2 hounds
  A jelly (D:5)
  3 orc priests
  Ijyb (D:4)
  3 iguanas
  2 orc wizards
  6 adders
  3 gnolls (D:5)
  2 white imps
  An ufetubus (D:4)
  A worm (D:3)
  2 dart slugs
  26 orcs
  7 endoplasms
  3 giant cockroaches
  3 goblins
  4 hobgoblins
  6 jackals
  6 kobolds
  2 quokkas (D:2)
  8 ball pythons
  3 bats
  2 frilled lizards
  3 rats
111 creatures vanquished.

Vanquished Creatures (others)
  5 plants (D:1)
5 creatures vanquished.

Grand Total: 116 creatures vanquished

Notes
Turn   | Place    | Note
-------+----------+-------------------------------------------
     0 | D:1      | karrick the Gargoyle Fighter began the quest for the Orb.
     0 | D:1      | Reached XP level 1. HP: 14/14 MP: 1/1
    46 | D:1      | Found Baitoh's Assorted Antiques.
   275 | D:1      | Found Veiwn's Armour Shop.
   300 | D:1      | Reached XP level 2. HP: 19/19 MP: 2/2
   560 | D:1      | Found Xefiopt's Assorted Antiques.
   729 | D:1      | Reached skill level 2 in Axes
  1018 | D:2      | Found a blossoming altar of Fedhas.
  1035 | D:2      | Reached XP level 3. HP: 23/23 MP: 3/3
  1289 | D:2      | Found Curich's Magic Scroll Emporium.
  1434 | D:2      | Found Umuuh's Magic Scroll Shop.
  1497 | D:2      | You fall into a shaft and drop 2 floors!
  1542 | D:4      | Noticed Grinder
  1542 | D:4      | Noticed a scorpion
  1549 | D:4      | Noticed a scorpion
  1556 | D:4      | Noticed Sigmund
  1590 | D:5      | Entered Level 5 of the Dungeon
  1727 | D:5      | Noticed an ogre
  1822 | D:5      | Reached XP level 4. HP: 17/29 MP: 4/4
  1954 | D:5      | Reached skill level 3 in Axes
  1988 | D:5      | Reached XP level 5. HP: 26/33 MP: 5/5
  2207 | D:5      | Reached XP level 6. HP: 29/39 MP: 6/6
  2306 | D:5      | Reached skill level 4 in Axes
  2383 | D:5      | Reached skill level 5 in Fighting
  2486 | D:4      | Noticed a black bear
  2499 | D:4      | Killed a black bear
  2500 | D:4      | Reached XP level 7. HP: 43/44 MP: 7/7
  2504 | D:4      | Found a bloodstained altar of Trog.
  2547 | D:4      | Noticed Ijyb
  2563 | D:4      | Killed Ijyb
  2564 | D:4      | Reached skill level 5 in Axes
  2614 | D:4      | Reached skill level 5 in Armour
  2662 | D:4      | Found a glowing golden altar of the Shining One.
  3407 | D:4      | Reached XP level 8. HP: 47/50 MP: 8/8
  3497 | D:3      | Reached skill level 6 in Axes
  3519 | D:4      | Found a staircase to the Ecumenical Temple.
  3707 | D:6      | Noticed Prince Ribbit
  3753 | D:6      | Killed Prince Ribbit
  4092 | D:6      | Noticed a troll
  4156 | D:5      | Reached skill level 7 in Axes
  4161 | D:5      | Demolished by an ogre

Illustrated notes

Levels and vault maps discovered:
D:1:      lightli_arrival_lavapool, layout_loops_corners, serial_shops,
          nicolae_shop_advertising_works [nicolae_subvault_shop_adworks],
          nicolae_lakefront_shop, nicolae_square_shop, serial_bayou_lake_a
D:2:      layout_rooms, serial_shops,
          nicolae_shop_temple_entry_statues_fountains, nicolae_square_shop,
          basic_altar
D:3:      layout_rooms
D:4:      layout_basic, trog_ov_bears_minmay,
          mainiacjoe_overflow_six_doors_small, temple_pool_b, uniq_grinder,
          uniq_ijyb, uniq_sigmund
D:5:      layout_loops_ring, serial_shops, nicolae_lakefront_shop,
          kennysheep_generic_room_8
D:6:      layout_rooms, hellmonk_guarded_unrand_lears, uniq_prince_ribbit1

Skill      XL: |  1  2  3  4  5  6  7  8 |
---------------+-------------------------+-----
Axes           | 2 3 4 5 7 |  7.0
Armour         | 4 5 |  5.6
Fighting       | 4 5 6 |  6.3
Shields        | 4 |  4.8
Stealth        | |  0.6

Action                     |  1- 3 |  4- 6 |  7- 9 || total
---------------------------+-------+-------+-------++-------
  Melee: War axe           |   111 |   101 |   230 ||   442
    Use: Potion            |     2 |     1 |     2 ||     5
         Scroll            |     3 |     1 |     4 ||     8
 Armour: Scale mail        |    61 |    72 |   123 ||   256
         Skin              |       |     2 |    18 ||    20
  Dodge: Dodged            |    69 |    52 |    90 ||   211
  Block: Buckler           |    27 |    20 |    46 ||    93

Table legend: (Time is in decaauts)
 A = Elapsed time spent in this place.
 B = Non-inter-level travel time spent in this place.
 C = Inter-level travel time spent in this place.
 D = Time resting spent in this place.
 E = Time spent auto-exploring this place.
 F = Levels seen in this place.
 G = Mean time per level.
                   A        B        C        D        E       F      G
               +--------+--------+--------+--------+--------+-----+--------+
         Total |   4355 |   4245 |    110 |    519 |   1895 |   6 |  725.8 |
       Dungeon |   4355 |   4245 |    110 |    519 |   1895 |   6 |  725.8 |
               +--------+--------+--------+--------+--------+-----+--------+

Top non-repeatable levels by time:
     D:1: 1166 daAuts
     D:5: 1055 daAuts
     D:3: 643 daAuts
     D:2: 576 daAuts
     D:6: 499 daAuts
     D:4: 413 daAuts
